 Dungeon Crawl Stone Soup version 0.30-a0-782-ge64f9170bb (webtiles) character file.

Game seed: 4640989281223133831

209 mopl the Insei (level 6, -2/42 HPs)
             Began as a Djinni Transmuter on Mar 13, 2023.
             Killed from afar by Terence (7 damage)
             ... with a puff of flame
             ... on level 3 of the Dungeon.
             The game lasted 00:02:55 (2338 turns).

mopl the Insei (Djinni Transmuter)                  Turns: 2338, Time: 00:02:55

Health: -2/42      AC:  2    Str: 11    XL:     6   Next: 12%
Gold:   201        EV: 19    Int: 14    God:
                   SH:  0    Dex: 19

rFire   . . .      SeeInvis .      - Unarmed
rCold   . . .      Faith    .    (shield currently unavailable)
rNeg    . . .      Spirit   .    (body armour currently unavailable)
rPois   ∞          Reflect  .    (helmet currently unavailable)
rElec   .          Harm     .    (cloak currently unavailable)
rCorr   .          Rampage  .    (gloves currently unavailable)
Will    .....                    (boots unavailable)
Stlth   ++                       (no amulet)
HPRegen 0.27/turn                (no ring)
MPRegen 0.00/turn                (no ring)

@: spider-form, flying
A: venomous fangs, flying, sickness immunity, tiny, (fire resistance 2), (cold
vulnerability 1), float, innate caster, HP casting, extra vitality 1
a: End Transformation


You were on level 3 of the Dungeon.
You were a venomous arachnid creature.
You visited 1 branch of the dungeon, and saw 3 of its levels.
You also visited: Sewer.

You collected 201 gold pieces.

Inventory:

Missiles
 q - 2 throwing nets
Armour
 a - a +0 robe (melded)
Wands
 i - a wand of mindburst (4)
Scrolls
 c - 4 scrolls of teleportation {unknown}
 d - 2 scrolls of enchant weapon {unknown}
 e - 2 scrolls of fog {unknown}
 h - 2 scrolls of amnesia {unknown}
 m - a scroll of enchant armour {unknown}
 p - a scroll of vulnerability {unknown}
 s - a scroll of fear {unknown}
Potions
 b - a potion of lignification {!q}
 f - a potion of attraction {unknown}
 g - 2 potions of curing {unknown}
 j - a potion of brilliance {unknown}
 k - a potion of invisibility {unknown}
 l - a potion of magic {unknown}
 n - a potion of heal wounds {unknown}
 o - 2 potions of flight {unknown}
 r - a potion of might {unknown}


   Skills:
 - Level 1.0 Fighting
 - Level 2.1 Dodging
 * Level 5.4 Unarmed Combat
 + Level 2.8 Spellcasting


You couldn't memorise any spells.
You knew the following spells:

 Your Spells              Type           Power      Damage    Failure   Level
a - Beastly Appendage     Tmut           18%        N/A       19%         1
b - Spider Form           Tmut/Pois      9%         N/A       41%         3
c - Shock                 Conj/Air       36%        1d5       19%         1
d - Ice Form              Ice/Tmut       9%         N/A       77%         4
e - Lesser Beckoning      Tloc           18%        N/A       26%         2
w - Wereblood             Tmut           9%         N/A       26%         2
Your spell library was empty.

Dungeon Overview and Level Annotations

Branches:
Dungeon (3/15)              Sewer (visited)

Altars:
Qazlal
The Shining One

Annotations:
D:3 1 runed translucent door, Crazy Yiuf, Terence


Innate Abilities, Weirdness & Mutations

You are a venomous arachnid creature.
You have venomous fangs.
You are tiny and dextrous.
You are flying.
Your spellcasting is less reliable in this form.
Your armour is entirely melded.
You are incapable of wielding weapons or throwing items.
You are immune to sickness and miasma.
You are immune to poison.
((Your flesh is very heat resistant. (rF++)))
((You are vulnerable to cold. (rC-)))
You float through the air rather than walking.
You learn spells naturally, not from books.
Your magical power is your life essence.
You have superior vitality. (+4 MHP)


Message History

You grow a pair of large bovine horns.
You hit the worm. You headbutt the worm.
The worm is moderately wounded.
The worm bites you!
You hit the worm.
The worm is heavily wounded.
You hit the worm. Your headbutt misses the worm.
The worm is severely wounded.
The worm bites you but does no damage.
You hit the worm.
The worm is almost dead.
The worm bites you!
You hit the worm.
You kill the worm!
No target in view!
You see here a worm corpse.
Your transformation is almost over.
Your horns disappear.
c - 4 scrolls labelled YFENKISTRIMU (gained 1)
Found a runed translucent door.
Crazy Yiuf shouts!
Crazy Yiuf cries, "You leg down broken song, no?"
Terence the Incautious comes into view.
He is wielding a +0 trident and carrying a wand of flame (21).
Terence zaps a wand.
The puff of flame hits you. You resist.
Casting: Beastly Appendage (safe; 7% risk of failure)
Confirm with . or Enter, or press ? or * to list all spells.
The spell is quite dangerous to miscast (21% risk of failure)!
Continue anyway?
You turn into a venomous arachnid creature.
Your +0 robe melds into your body.
Terence zaps a wand.
The puff of flame hits you!
Terence zaps a wand.
The puff of flame hits you!
* * * LOW HITPOINT WARNING * * *
You are too injured to fight recklessly!
Terence shouts, "DIE!!!"
Terence hits you with a +0 trident.
* * * LOW HITPOINT WARNING * * *
You hit Terence.
Terence is poisoned.
Terence is moderately wounded.
Terence zaps a wand.
The puff of flame hits you!
You die...

♣♣.♣ #.......#.### #+#
#.......#.### ...
##.#..†...... #...#
#..######.#.. #..)#
#.....†##.#.. #####
##### #..###.##....
....# #..#...†.....
###>#
######..#.#.#####.
###.# #s.....##.#...
.. .##.#####
#...@...#####.########
........# #########
#.# #.#..##.####.##
#.# .....)........#
##.## #.##.###.###.##
#...# #.#.## ##.##.#
#...# #..## ##.#.##
#...# ##.# #....##
#####...#####


You could see Terence (very poisoned).

Vanquished Creatures
  Pargi (Sewer)
  An orc priest (D:3)
  A gnoll (D:1)
  An adder (D:2)
  A worm (D:3)
  3 orcs (D:3)
  3 endoplasms
  A giant cockroach (D:1)
  5 hobgoblins
  2 jackals (D:3)
  3 quokkas
  8 ball pythons
  8 bats
  9 frilled lizards
  5 goblins
  4 kobolds
  9 rats
65 creatures vanquished.

Notes
Turn   | Place    | Note
-------+----------+-------------------------------------------
     0 | D:1      | mopl the Djinni Transmuter began the quest for the Orb.
     0 | D:1      | mopl set off with the following spells memorised: Beastly
                  | Appendage, Wereblood, Spider Form, Ice Form.
     0 | D:1      | Reached XP level 1. HP: 17/17 MP: 0/0
    61 | D:1      | Reached XP level 2. HP: 10/22 MP: 0/0
   447 | D:1      | Found a faded altar of an unknown god.
   454 | D:1      | Reached XP level 3. HP: 27/27 MP: 0/0
   454 | D:1      | Learned a level 1 spell: Shock
   481 | D:1      | Reached skill level 2 in Spellcasting
   801 | D:2      | Reached skill level 4 in Unarmed Combat
   923 | D:2      | Reached XP level 4. HP: 29/32 MP: 0/0
  1447 | D:3      | Found a glowing drain.
  1478 | Sewer    | Entered a sewer
  1524 | Sewer    | Noticed Pargi
  1539 | Sewer    | Killed Pargi
  1540 | Sewer    | Reached skill level 5 in Unarmed Combat
  1540 | Sewer    | Reached XP level 5. HP: 22/37 MP: 0/0
  1540 | Sewer    | Learned a level 2 spell: Lesser Beckoning
  1834 | D:3      | Reached XP level 6. HP: 40/42 MP: 0/0
  2016 | D:3      | Found a glowing golden altar of the Shining One.
  2016 | D:3      | Found a stormy altar of Qazlal.
  2283 | D:3      | Found a runed translucent door.
  2284 | D:3      | Noticed Crazy Yiuf
  2332 | D:3      | Noticed Terence
  2338 | D:3      | Killed from afar by Terence

Illustrated notes

Levels and vault maps discovered:
D:1:      onia_arrival_pyramid, layout_loops_ring,
          shapermc_ecumenical_altar_totnotflames
D:2:      layout_loops_ring, hangedman_decor_push
D:3:      layout_loops_cross, gammafunk_temple_overflow_pools,
          portal_sewer_entry_b, item_on_display_a, uniq_terence,
          uniq_crazy_yiuf_cottage

Skill      XL: |  1  2  3  4 |
---------------+-------------+-----
Spellcasting   | 2 |  2.8
Unarmed Combat | 4 5 |  5.4
Fighting       | |  1.0
Dodging        | |  2.1

Action                     |  1- 3 |  4- 6 || total
---------------------------+-------+-------++-------
  Melee: Unarmed           |    83 |   101 ||   184
         Headbutt          |    11 |     2 ||    13
         Punch             |     1 |     1 ||     2
   Cast: Beastly Appendage |    21 |    10 ||    31
         Spider Form       |       |     3 ||     3
   Stab: Sleeping          |     3 |       ||     3
 Armour: Robe              |    16 |    12 ||    28
         Skin              |       |     3 ||     3
  Dodge: Dodged            |    49 |    83 ||   132

Table legend: (Time is in decaauts)
 A = Elapsed time spent in this place.
 B = Non-inter-level travel time spent in this place.
 C = Inter-level travel time spent in this place.
 D = Time resting spent in this place.
 E = Time spent auto-exploring this place.
 F = Levels seen in this place.
 G = Mean time per level.
                   A        B        C        D        E       F      G
               +--------+--------+--------+--------+--------+-----+--------+
         Total |   2322 |   2260 |     62 |    103 |   1625 |   4 |  580.5 |
       Dungeon |   2070 |   2008 |     62 |     47 |   1500 |   3 |  690.0 |
         Sewer |    251 |    251 |      0 |     56 |    125 |   1 |  251.0 |
               +--------+--------+--------+--------+--------+-----+--------+

Top non-repeatable levels by time:
     D:3: 713 daAuts
     D:2: 687 daAuts
     D:1: 670 daAuts
   Sewer: 251 daAuts
